← All builds
Geo sea / Cortex / Economy first / OBSERVED BUILD

Standard geo sea

The role's default economy-first play: bot lab then shipyard in the cove, quick frigate/submarine/destroyer navy to contest sea and hold the coast, transitioning into whatever the sea fight needs.

Usually shipyard in the cove (98%)

#naval #eco · 963 distinct matches · 100 players · 83% of Cortex Geo sea games · team won 52% of 1080 · Recently observed

HOW TO PLAY IT

Key timing: Shipyard by 3:18

  1. Open 3 mex, wind and solar, then Bot Lab.
  2. Get a BP and costal torpedo launcher up before the Shipyard.
  3. Put up Shipyard once you can defend it.
  4. Push out "submarine" and "frigate" to contest the sea.
  5. Add geothermal to fund the fleet transition into "destroyer", "missile corvette".

Phase by phase

TYPICAL OF ITS 963 GAMES
  1. 1
  2. 2
  3. 3
  4. 4
PLAY THE OPENING

Follow the example game's first 6:00 step by step: what to build now, what comes next, and where it goes. At 1× it keeps pace with your own game.

  1. 1

    Up to the Bot Lab

    Economy
    • Metal Extractor3Mex
    • Wind Turbine3Wind
    Order
    1. Bot LabBot Lab after 3 mex, 3 winddone ~1:12, middle half 1:06–1:25

    Some games also: wind for allies (49%)

    By 0:55 in all: 3 mex · 3 wind

    The example game in this phase · 5 steps
    1. Mex ×3
    2. Wind ×4
    3. Energy storage
    4. Mex
    5. Bot LabBot Labdone 1:54 · typical 1:12
  2. 2

    Bot Lab to Shipyard

    Economy
    • Metal Extractor1Mex
    • Wind Turbine2Wind
    Order
    1. ShipyardShipyard after 4 mex, 5 wind, 1 energy storagedone ~3:17, middle half 3:02–3:33
    Builders
    • Construction Bot3 Con bot
    • Graverobber2 Graverobber
    Army
    • Grunt1 Grunt

    Some games also: con turret (46%) · trasher (39%) · energy storage (34%) · wind for allies (32%)

    By 2:51 in all: 4 mex · 5 wind · 1 energy storage

    The example game in this phase · 43 steps
    1. Wind
    2. GraverobberGraverobber
    3. Wind
    4. GraverobberGraverobber
    5. Wind
    6. GraverobberGraverobber
    7. Wind
    8. Construction BotCon bot ×2
    9. Wind ×2
    10. Construction BotCon bot ×2
    11. Aircraft PlantAircraft Plantdone 3:40
    12. Mex
    13. Construction BotCon bot
    14. Con turret
    15. Converter ×5
    16. GruntGrunt
    17. FinchFinch
    18. GruntGrunt
    19. Mex
    20. HerculesLight transport
    21. Converter
    22. HerculesLight transport
    23. ValiantValiant
    24. Wind
    25. ValiantValiant
    26. Dragon's TeethDragon's Teeth
    27. Wind
    28. Dragon's TeethDragon's Teeth
    29. Wind
    30. Dragon's TeethDragon's Teeth ×2
    31. Wind
    32. Dragon's TeethDragon's Teeth
    33. Mex
    34. Dragon's TeethDragon's Teeth
    35. Con turret
    36. ValiantValiant
    37. Dragon's TeethDragon's Teeth ×2
    38. ValiantValiant
    39. Geothermal PowerplantGeodone 6:10 · typical 7:59
    40. Dragon's TeethDragon's Teeth ×2
    41. ValiantValiant
    42. Dragon's TeethDragon's Teeth
    43. ShipyardShipyarddone 5:24 · typical 3:17
  3. 3

    Shipyard to 5:00

    Economy
    • Metal Extractor4Mex
    Builders
    • Construction Ship1 Con ship
    Army
    • Riptide2 Frigate
    • Orca1 Submarine
    Other
    • Radar Tower1 Radar Tower

    Some games also: Guard (49%) · wind (49%) · missile corvette (48%) · destroyer (46%) · gunboat (41%)

    By 5:00 in all: 8 mex · 6 wind · 1 energy storage · 1 con turret

  4. 4

    5:00 to 10:00

    Economy
    • Metal Extractor2Mex
    • Wind Turbine8Wind
    • Energy Converter1Converter
    Builders
    • Construction Turret1 Con turret
    • Death Cavalry2 Death Cavalry
    • Construction Ship1 Con ship
    Army
    • Guard2 Guard
    • Riptide5 Frigate
    • Oppressor2 Destroyer
    Other
    • Naval Radar / Sonar Tower2 Naval Radar / Sonar Tower

    Some games also: geo (48%) · Thistle (41%) · submarine (34%)

    By 10:00 in all: 10 mex · 15 wind · 1 geo · 4 converter · 1 energy storage · 2 con turret

    The example game in this phase · 136 steps
    1. Mex
    2. Dragon's TeethDragon's Teeth
    3. Construction AircraftCon aircraft
    4. Dragon's TeethDragon's Teeth
    5. Wind
    6. Dragon's TeethDragon's Teeth
    7. Wind
    8. Dragon's TeethDragon's Teeth ×2
    9. Con turret
    10. Dragon's TeethDragon's Teeth
    11. ValiantValiant
    12. Dragon's TeethDragon's Teeth ×2
    13. ValiantValiant
    14. Dragon's TeethDragon's Teeth
    15. ValiantValiant
    16. Dragon's TeethDragon's Teeth ×4
    17. ValiantValiant
    18. Dragon's TeethDragon's Teeth
    19. GuardGuard
    20. Dragon's TeethDragon's Teeth
    21. RiptideFrigatedone 6:24 · typical 4:36
    22. Dragon's TeethDragon's Teeth
    23. Bot LabBot Labdone 6:39
    24. RiptideFrigate
    25. GuardGuard
    26. ThistleThistle
    27. OppressorDestroyerdone 7:47 · typical 5:52
    28. Construction BotCon bot
    29. GuardGuard
    30. Construction BotCon bot
    31. Radar TowerRadar Tower
    32. Mex
    33. Construction BotCon bot ×2
    34. GuardGuard
    35. Con turret
    36. Construction ShipCon ship
    37. GuardGuard
    38. Construction ShipCon ship
    39. HerringMissile corvette
    40. Radar TowerRadar Tower
    41. RiptideFrigate
    42. Con turret
    43. ThistleThistle
    44. Con turret
    45. Death CavalryDeath Cavalry
    46. Converter
    47. Wind
    48. Converter
    49. Wind ×2
    50. Con turret
    51. Wind
    52. RiptideFrigate
    53. Converter
    54. Wind ×4
    55. Converter
    56. Wind ×4
    57. Converter
    58. RiptideFrigate
    59. Naval Radar / Sonar TowerNaval Radar / Sonar Tower
    60. Converter
    61. Wind ×4
    62. Con turret
    63. Converter
    64. Wind ×9
    65. Mex
    66. Wind ×2
    67. OppressorDestroyer
    68. Con turret
    69. Wind ×2
    70. Converter
    71. Wind ×4
    72. UrchinUrchin
    73. Converter
    74. Wind ×8
    75. HerringMissile corvette
    76. Wind ×2
    77. Mex
    78. Wind
    79. Converter
    80. Wind
    81. RiptideFrigate
    82. Con turret
    83. Wind
    84. Converter
    85. Wind ×5
    86. Death CavalryDeath Cavalry
    87. Wind ×3
    88. HerringMissile corvette
    89. Wind ×2
    90. Converter
    91. Con turret
    92. Wind ×5
    93. Converter
    94. Wind ×8
    95. Con turret
    96. Wind ×4
    97. Converter ×3
    98. Wind
    99. Advanced Bot LabAdvanced Bot Labdone 13:40
    100. Wind ×4
    101. Construction ShipCon ship
    102. Wind ×3
    103. Mex
    104. Wind ×10
    105. Converter ×2
    106. Wind ×5
    107. Converter
    108. Wind ×10
    109. Converter
    110. Wind ×4
    111. Naval Radar / Sonar TowerNaval Radar / Sonar Tower
    112. Wind
    113. Converter
    114. Wind ×11
    115. Advanced ShipyardAdvanced Shipyardnot finished by 15:00
    116. Converter ×2
    117. Wind ×5
    118. Converter
    119. Wind ×4
    120. Advanced Construction BotT2 con bot
    121. Wind ×9
    122. Advanced Construction BotT2 con bot
    123. Converter
    124. Wind
    125. Converter ×2
    126. Wind ×14
    127. Converter
    128. Wind
    129. Converter
    130. Advanced Metal ExtractorT2 mexnot finished by 15:00
    131. Converter
    132. Wind ×9
    133. Metal storage
    134. Wind ×5
    135. Converter
    136. Wind ×2

Counts are medians over the build's games: half of them build more, half fewer. The example game is Graceful's (37 OS, 27/08/2026); pick another.

Team trades

IN AT LEAST 30% OF ITS GAMES

You hand over

  • Wind Turbine2 Wind to Airfirst at 1:48 · in 72% of games

You get

  • Finch1 Finch from Airfirst at 1:51 · in 83% of games
  • Hercules1 Light transport from Airfirst at 2:00 · in 75% of games
  • Advanced Construction Bot1 T2 con bot from Techfirst at 7:44 · in 89% of games

How it plays out

Typical game of this build, running totals by minute

Metal produced

010k20k30k
0:005:0010:0015:00

metal

Enemy metal destroyed

05k10k
0:005:0010:0015:00

metal

Own metal lost

02.5k5k7.5k
0:005:0010:0015:00

metal

1080 games.

Show as table
ByMetal produced: This buildEnemy metal destroyed: This buildOwn metal lost: This build
1:0039700
2:0092800
3:00156700
4:002903051
5:00410813152
6:005464441242
7:006946931551
8:0086181570905
9:001049724631363
10:001261536342072
11:001522148872938
12:001812964053801
13:002147974014458
14:002507986465388
15:002882297766321
WHAT THE NUMBERS SAY

Standard Cortex geo sea sits at an even 50% win rate, trading a slower start for a big resource lead by 15:00.

  • + Metal produced hits 28451 by 15:00, well above both front roles
  • + Own metal lost stays far below enemy metal destroyed at every checkpoint
  • − Only 50% team win rate, the lowest of these six builds
  • − T2 factory only completes in 40% of games by 12:53
THE EXAMPLE YOU ARE READING

Graceful

36.7 OS · 27/08/2026

Open source match ↗

0 received units
5 metal received · 1471 energy received

Allied construction assistance is unknown. Timings are observations, not a promise of solo reproducibility.

Typical milestones

Bot Lab1:12Middle 50%: 1:06–1:25 · n=1069
Shipyard3:17Middle 50%: 3:02–3:33 · n=1074
Orca4:19Middle 50%: 3:54–5:00 · n=747
Riptide4:36Middle 50%: 4:08–5:21 · n=1048
Oppressor5:52Middle 50%: 5:09–6:34 · n=977
Geothermal Powerplant7:59Middle 50%: 7:01–8:59 · n=648
Advanced Metal Extractor9:22Middle 50%: 8:46–10:10 · n=926

Played most by

sirniho121games of this buildSHOGVN86games of this buildOptimusprimenutt84games of this buildPRO_Rerory47games of this buildhihimik41games of this build